 Dungeon Crawl Stone Soup version 0.30-a0-738-g116ff8c4af (webtiles) character file.

Game seed: 16804609945856537070

5765 Leeroy the Carver (level 10, -1/46 HPs)
             Began as a Vine Stalker Warper on Feb 3, 2023.
             Was a Believer of Wu Jian.
             Slain by a troll (5 damage)
             ... on level 11 of the Dungeon.
             The game lasted 00:14:16 (8492 turns).

Leeroy the Carver (Vine Stalker Warper)             Turns: 8492, Time: 00:14:16

Health: -1/46      AC: 20    Str: 25    XL:     10   Next: 78%
Magic:  0/14       EV:  8    Int: 13    God:    Wu Jian [**....]
Gold:   520        SH:  0    Dex: 19    Spells: 8/13 levels left

rFire   . . .      SeeInvis .    D - +2 great sword (freeze)
rCold   . . .      Faith    .    (shield currently unavailable)
rNeg    . . .      Spirit   +    X - +1 plate armour {rPois}
rPois   +          Reflect  .    K - +0 helmet
rElec   .          Harm     .    r - +0 cloak
rCorr   .          Rampage  .    P - +1 pair of gloves
Will    +....                    L - +0 pair of boots Stlth
                                 (no amulet)
HPRegen 1.07/turn                q - +6 ring of strength
MPRegen 0.14/turn                J - +6 ring of strength

@: no status effects
A: fangs 3, regeneration 1, magic shield, antimagic bite, no potion heal 2
a: Renounce Religion, Wall Jump


You were on level 11 of the Dungeon.
You worshipped Wu Jian.
Wu Jian was pleased with you.
You visited 2 branches of the dungeon, and saw 12 of its levels.

You collected 520 gold pieces.

Inventory:

Hand Weapons
 a - a +0 long sword
 l - the +6 shillelagh "Devastator" {shatter}
   (You found it on level 5 of the Dungeon)
 D - a +2 great sword of freezing (weapon)
 F - a +3 flail of holy wrath
 R - a +6 mace of freezing
 V - a +1 dagger of speed
 Y - a +1 short sword of venom
Missiles
 d - 7 boomerangs of dispersal (quivered)
 y - 5 javelins
 A - 14 poisoned darts
 O - 9 boomerangs
Armour
 b - a +0 leather armour
 k - a +0 leather armour of willpower
 r - a +0 cloak (worn)
 u - a +0 plate armour
 B - +0 steam dragon scales
 K - a +0 helmet (worn)
 L - a +0 pair of boots (worn)
 P - a +1 pair of gloves (worn)
 U - a +2 robe of cold resistance
 X - a +1 plate armour of poison resistance (worn)
Jewellery
 q - a +6 ring of strength (left hand)
 C - a ring of poison resistance
 J - a +6 ring of strength (right hand)
 W - a +5 ring of evasion
Wands
 I - a wand of light (11)
 M - a wand of flame (38)
 S - a wand of polymorph (6)
 Z - a wand of iceblast (7)
Scrolls
 f - 2 scrolls of noise
 g - 2 scrolls of vulnerability
 h - 2 scrolls of magic mapping
 i - 2 scrolls of immolation
 m - a scroll of silence
 n - 2 scrolls of teleportation
 p - a scroll of fear
 x - 2 scrolls of poison {unknown}
 H - a scroll of enchant weapon {unknown}
 Q - a scroll of butterflies {unknown}
Potions
 c - 2 potions of flight {unknown}
 e - 2 potions of lignification {unknown}
 j - 3 potions of heal wounds {unknown}
 o - a potion of berserk rage {unknown}
 s - 2 potions of degeneration {unknown}
 t - a potion of brilliance {unknown}
 v - 3 potions of ambrosia {unknown}
 w - a potion of cancellation {unknown}
 z - a potion of resistance {unknown}
 E - 3 potions of might {unknown}
 G - 4 potions of curing {unknown}
 N - a potion of mutation {unknown}
 T - a potion of haste {unknown}


   Skills:
 - Level 1.7 Fighting
 - Level 12.1 Long Blades
 - Level 0.8 Throwing
 * Level 7.4 Armour
 - Level 1.5 Dodging
 - Level 2.1 Spellcasting
 - Level 3.0 Translocations


You had 8 spell levels left.
You knew the following spells:

 Your Spells              Type           Power      Damage    Failure   Level
a - Blink                 Tloc           18%        N/A       80%         2
b - Vhi's Electric Charg  Tloc/Air       10%        N/A       99%         3

Your spell library contained the following spells:

 Spells                   Type           Power      Damage    Failure   Level
 Lesser Beckoning         Tloc           18%        N/A       80%         2
 Gell's Gravitas          Tloc           9%         N/A       95%         3
 Teleport Other           Tloc           9%         N/A       95%         3
 Magic Dart               Conj           4%         1d3       97%         1
 Call Imp                 Summ           1%         N/A       99%         2
 Portal Projectile        Hex/Tloc       10%        N/A       99%         3
 Call Canine Familiar     Summ           1%         N/A       100%        3
 Mephitic Cloud           Conj/Pois/Air  1%         N/A       100%        3
 Leda's Liquefaction      Hex/Erth       0%         N/A       100%        4
 Manifold Assault         Tloc           9%         N/A       100%        4
 Freezing Cloud           Conj/Ice/Air   0%         6-21      100%        5
 Simulacrum               Ice/Necr       0%         N/A       100%        6
 Infestation              Necr           0%         N/A       100%        8
 Polar Vortex             Ice            0%         N/A       100%        9


Dungeon Overview and Level Annotations

Branches:
Dungeon (11/15)            Temple (1/1) D:7             Orc (0/2) D:9
   Lair: D:8-11

Altars:
Ashenzari
Dithmenos
Elyvilon
Fedhas
Gozag
Hepliaklqana
Kikubaaqudgha
Makhleb
Nemelex Xobeh
Okawaru
Qazlal
Ru
Sif Muna
Trog
Uskayaw
Vehumet
Wu Jian
Xom
Yredelemnul
Zin
The Shining One

Shops:
D:4 =

Annotations:
D:10 Fannar


Innate Abilities, Weirdness & Mutations

You have razor-sharp teeth.
Your natural rate of healing is unusually fast.
When hurt, damage is shared between your health and your magic reserves.
Your bite disrupts and absorbs the magic of your enemies.
Potions cannot restore your health.


Message History

Okay, then.
There is a stone staircase leading down here.
You climb downwards.
There is a stone staircase leading up here.
You open the door.
A troll comes into view.
The troll shouts!
Found a stone staircase leading down.
A troll is nearby!
A troll is nearby!
There is an open door here.
Your +2 great sword of freezing glows with a cold blue light!
D - a +2 great sword of freezing (weapon)
Your movement speed is average.
Your attack delay is about 1.0.
Your damage rating with your +2 great sword of freezing is about 28 (Base 17 x 122% (Dex) x 127% (Skill) + 2 (Ench)).
Your base attributes are Str 13, Int 13, Dex 19.
You hit the troll but do no damage. You bite the troll, but do no damage.
The troll bites you! The troll claws you! The troll barely misses you.
You slice the troll!! You freeze the troll!
The troll is almost dead.
The troll bites you. The troll claws you but does no damage.
The troll barely misses you.
You closely miss the troll. You bite the troll, but do no damage.
The troll is almost dead.
The troll bites you but does no damage. The troll barely misses you.
The troll closely misses you.
You hit the troll but do no damage.
The troll is almost dead.
The troll bites you! The troll claws you but does no damage.
The troll claws you!
* * * LOW HITPOINT WARNING * * *
You hit the troll. You freeze the troll. You bite the troll.
You drain its power.
You feel invigorated.
The troll is almost dead.
The troll bites you!
* * * LOW HITPOINT WARNING * * *
The troll claws you.
* * * LOW HITPOINT WARNING * * *
The troll claws you!
You die...

#........#
.......+........#
.......#........#
.......#...#....#
.......#........#
.......#........#
.......#........#
...>..T#....<...#
.......@........#
.......#........#
########........#
###......#
#....#.# #......#
#......# #......#


You could see a troll.

Vanquished Creatures
  A centaur warrior (D:10)
  Pikel (D:5)
  An unseen horror (D:6)
  Grinder (D:4)
  A wyvern (D:9)
  3 wraiths
  Grum (D:10)
  3 steam dragons
  3 water moccasins (D:7)
  3 orc warriors
  2 ice beasts (D:5)
  3 black bears
  2 wolves (D:10)
  A centaur (D:6)
  A phantom (D:6)
  2 bullfrogs
  A kobold brigand (D:8)
  A scorpion (D:5)
  11 wights
  4 hounds
  Crazy Yiuf (D:5)
  11 orc priests
  3 iguanas
  12 orc wizards
  An adder (D:4)
  2 shadow imps
  A white imp (D:7)
  3 dart slugs
  39 orcs
  3 ball pythons
  2 bats
  9 endoplasms
  4 giant cockroaches
  6 goblins
  3 hobgoblins
  2 jackals (D:1)
  5 quokkas
  8 frilled lizards
  8 kobolds
  2 rats
171 creatures vanquished.

Vanquished Creatures (others)
  An orc wizard (D:6)
1 creature vanquished.

Grand Total: 172 creatures vanquished

Notes
Turn   | Place    | Note
-------+----------+-------------------------------------------
     0 | D:1      | Leeroy the Vine Stalker Warper began the quest for the Orb.
     0 | D:1      | Reached XP level 1. HP: 11/11 MP: 4/4
    66 | D:1      | Reached skill level 2 in Long Blades
   117 | D:1      | Reached XP level 2. HP: 15/15 MP: 6/6
   387 | D:1      | Reached skill level 3 in Long Blades
   432 | D:1      | Reached XP level 3. HP: 18/18 MP: 7/7
  1025 | D:2      | Learned a level 2 spell: Blink
  1029 | D:2      | Learned a level 3 spell: Vhi's Electric Charge
  2372 | D:4      | Gained mutation: Your natural rate of healing is unusually
                  | fast. [Vine Stalker growth]
  2372 | D:4      | Reached XP level 4. HP: 23/23 MP: 8/8
  2381 | D:4      | Reached skill level 4 in Long Blades
  2491 | D:4      | Reached XP level 5. HP: 16/26 MP: 1/9
  2507 | D:4      | Reached skill level 5 in Long Blades
  2761 | D:4      | Found Dycex Jyo's Jewellery Emporium.
  2955 | D:4      | Noticed Grinder
  2974 | D:4      | Killed Grinder
  2975 | D:4      | Reached skill level 6 in Long Blades
  2975 | D:4      | Reached XP level 6. HP: 20/30 MP: 3/10
  3138 | D:5      | Entered Level 5 of the Dungeon
  3160 | D:5      | Noticed Pikel
  3198 | D:5      | Killed Pikel
  3199 | D:5      | Reached skill level 8 in Long Blades
  3199 | D:5      | Reached XP level 7. HP: 16/34 MP: 11/11
  3255 | D:5      | Gained mutation: You have razor-sharp teeth. [Vine Stalker
                  | growth]
  3255 | D:5      | Reached XP level 8. HP: 38/38 MP: 12/12
  3726 | D:5      | Found a runed translucent door.
  3727 | D:5      | Noticed Crazy Yiuf
  3729 | D:5      | Found the +6 shillelagh "Devastator" {shatter}
  4023 | D:5      | Reached skill level 9 in Long Blades
  4933 | D:6      | Reached skill level 10 in Long Blades
  5009 | D:7      | Found a staircase to the Ecumenical Temple.
  5051 | D:7      | Found Ofutro Fenga's General Store.
  5064 | D:7      | Reached XP level 9. HP: 40/42 MP: 10/13
  5095 | Temple   | Entered the Ecumenical Temple
  5406 | Temple   | Became a worshipper of the Wu Jian Council
  5641 | D:7      | Reached skill level 11 in Long Blades
  6158 | D:8      | Got Deulink's Book of Overhead Shades
  6264 | D:8      | Reached skill level 12 in Long Blades
  6653 | D:8      | Reached skill level 1 in Armour
  6936 | D:9      | Reached XP level 10. HP: 46/46 MP: 14/14
  7097 | D:6      | Reached * piety under Wu Jian
  7309 | D:6      | Killed an unseen horror
  7477 | D:5      | Killed Crazy Yiuf
  7778 | D:9      | Reached skill level 5 in Armour
  7835 | D:9      | Noticed a red ugly thing
  7958 | D:9      | Reached ** piety under Wu Jian
  7976 | D:9      | Found a staircase to the Orcish Mines.
  8162 | D:10     | Entered Level 10 of the Dungeon
  8170 | D:10     | Noticed Grum
  8182 | D:10     | Killed Grum
  8291 | D:10     | Noticed a centaur warrior
  8304 | D:10     | Killed a centaur warrior
  8467 | D:10     | Noticed Fannar
  8492 | D:11     | Slain by a troll

Illustrated notes

Levels and vault maps discovered:
D:1:      lightli_arrival_chessboard, layout_loops_ring, minmay_surrounded
D:2:      layout_loops_cross, serial_bayou_pond_e
D:3:      layout_loops_corners
D:4:      layout_gridville, serial_shops, shop, skrybe_limestone_x, uniq_grinder
D:5:      layout_loops_ring, uniq_pikel, uniq_crazy_yiuf_cottage
D:6:      layout_rooms
D:7:      layout_basic, minmay_temple_entry_waves, serial_shops,
          nicolae_lakefront_shop
D:8:      layout_loops_cross, minmay_door_square, kennysheep_minor_cross
D:9:      layout_roguey [special_room_orc], kennysheep_mini_moat,
          hiddenorc2_lemuel, minmay_evil_grid
D:10:     hellmonk_ruined_rings, layout_basic, due_lair_maze_entry_diamond,
          minivault_16, nicolae_concentric_dashed_squares_mild,
          roderic_lattice_a, kennysheep_generic_room_12, uniq_fannar, uniq_grum
D:11:     layout_stronghold, kennysheep_nub
Temple:   roderic_octagonal_lattice_temple

Skill      XL: |  1  2  3  4  5  6  7  8  9 10 |
---------------+-------------------------------+-----
Long Blades    | 2 3 4 6 8 10 12 | 12.1
Armour         | 3 7 |  7.4
Fighting       | |  1.7
Throwing       | |  0.8
Dodging        | |  1.5
Spellcasting   | |  2.1
Translocations | |  3.0

Action                     |  1- 3 |  4- 6 |  7- 9 | 10-12 || total
---------------------------+-------+-------+-------+-------++-------
  Melee: Falchion          |   131 |   110 |   231 |       ||   472
         Bite              |    27 |    23 |   101 |    39 ||   190
         Punch             |       |     1 |     7 |     5 ||    13
         Flail             |       |       |    44 |    20 ||    64
         Shillelagh        |       |       |       |    79 ||    79
         Long sword        |       |       |       |    21 ||    21
         Great sword       |       |       |       |     5 ||     5
Ability: Lunge             |       |       |     6 |     6 ||    12
         Whirlwind         |       |       |       |     1 ||     1
  Evoke: Wand              |       |       |     1 |     2 ||     3
    Use: Scroll            |       |       |     7 |     4 ||    11
   Stab: Sleeping          |     1 |       |       |       ||     1
         Invisible         |       |       |       |     3 ||     3
 Armour: Leather armour    |    19 |       |       |       ||    19
         Plate armour      |    32 |    58 |   193 |   182 ||   465
  Dodge: Dodged            |    67 |    31 |   100 |    62 ||   260

Table legend: (Time is in decaauts)
 A = Elapsed time spent in this place.
 B = Non-inter-level travel time spent in this place.
 C = Inter-level travel time spent in this place.
 D = Time resting spent in this place.
 E = Time spent auto-exploring this place.
 F = Levels seen in this place.
 G = Mean time per level.
                   A        B        C        D        E       F      G
               +--------+--------+--------+--------+--------+-----+--------+
         Total |   8533 |   7691 |    842 |    564 |   5402 |  12 |  711.1 |
       Dungeon |   8198 |   7421 |    777 |    564 |   5156 |  11 |  745.3 |
        Temple |    335 |    270 |     65 |      0 |    246 |   1 |  335.0 |
               +--------+--------+--------+--------+--------+-----+--------+

Top non-repeatable levels by time:
     D:5: 1768 daAuts
     D:4: 954 daAuts
     D:8: 875 daAuts
     D:7: 842 daAuts
     D:3: 840 daAuts
     D:2: 797 daAuts
     D:1: 681 daAuts
     D:6: 664 daAuts
     D:9: 430 daAuts
  Temple: 335 daAuts
    D:10: 329 daAuts
    D:11: 12 daAuts
